 Dungeon Crawl Stone Soup version 0.21.0-24-g2553a33 (webtiles) character file.

541 tidbits the Firebug (level 7, -1/51 HPs)
             Began as a Gnoll Fire Elementalist on Jan 19, 2018.
             Slain by a bullfrog skeleton (4 damage)
             ... on level 7 of the Dungeon.
             The game lasted 00:11:48 (1274 turns).

tidbits the Firebug (Gnoll Fire Elementalist)       Turns: 1274, Time: 00:11:49

Health: -1/51      AC:  4    Str: 10    XL:     7   Next: 26%
Magic:  1/15       EV: 15    Int: 20    God:
Gold:   225        SH:  0    Dex: 15    Spells: 7/17 levels left

rFire    . . .     SeeInvis .   a - +0 dagger
rCold    . . .     Gourm    .   (no shield)
rNeg     . . .     Faith    .   h - +0 robe
rPois    .         Spirit   .   (no helmet)
rElec    .         Reflect  .   (no cloak)
rCorr    .         Harm     .   (no gloves)
MR       .....                  (no boots)
Stlth    +++.......             (no amulet)
HPRegen  0.17/turn              (no ring)
MPRegen  0.14/turn              (no ring)

@: very slightly contaminated
A: distributed training, fangs 1, iridescent scales 1, wild magic 1, strong nose
a: no special abilities


You were on level 7 of the Dungeon.
You were full.

You visited 1 branch of the dungeon, and saw 7 of its levels.

You collected 225 gold pieces.

Inventory:

Hand Weapons
 a - a +0 dagger (weapon)
 e - a +0 whip
 i - a +0 hunting sling
 k - a +0 shortbow
 p - a +0 flail
Missiles
 f - 60 arrows
 j - 22 stones (quivered)
Armour
 g - a +0 ring mail
 h - a +0 robe (worn)
 q - a cursed +0 ring mail
Scrolls
 r - a scroll of amnesia
 u - 2 scrolls of immolation
Potions
 t - a potion of flight
 v - a potion of degeneration
Books
 b - a book of Flames

   Spells                             Type                      Level
   a - Flame Tongue                   Conjuration/Fire             1
   b - Throw Flame                    Conjuration/Fire             2
   c - Conjure Flame                  Conjuration/Fire             3
   d - Inner Flame                    Hexes/Fire                   3
   e - Sticky Flame                   Conjuration/Fire             4
   f - Fireball                       Conjuration/Fire             5
Comestibles
 c - 4 rations


   Skills:
 + Level 2.3 Fighting
 + Level 2.3 Short Blades
 + Level 2.3 Long Blades
 + Level 2.3 Axes
 + Level 2.3 Maces & Flails
 + Level 2.3 Polearms
 + Level 2.3 Staves
 + Level 2.3 Slings
 + Level 2.3 Bows
 + Level 2.3 Crossbows
 + Level 2.3 Throwing
 + Level 2.3 Armour
 + Level 5.1 Dodging
 + Level 4.8 Stealth
 + Level 2.3 Shields
 + Level 2.3 Unarmed Combat
 + Level 5.5 Spellcasting
 + Level 2.9 Conjurations
 + Level 1.9 Hexes
 + Level 1.9 Charms
 + Level 1.9 Summonings
 + Level 1.9 Necromancy
 + Level 1.9 Translocations
 + Level 1.9 Transmutations
 + Level 5.8 Fire Magic
 + Level 1.9 Ice Magic
 + Level 1.9 Air Magic
 + Level 1.9 Earth Magic
 + Level 1.9 Poison Magic
 + Level 2.5 Invocations
 + Level 2.3 Evocations


You had 7 spell levels left.
You knew the following spells:

 Your Spells              Type           Power        Failure   Level  Hunger
a - Flame Tongue          Conj/Fire      ####.        3%          1    None
c - Conjure Flame         Conj/Fire      ####....     9%          3    ##.....
f - Throw Flame           Conj/Fire      ####..       4%          2    None
t - Sticky Flame          Conj/Fire      ####....     26%         4    ####...


Dungeon Overview and Level Annotations

Branches:
Dungeon (7/15)
 Temple: D:4-7

Altars:
Elyvilon
Kikubaaqudgha
Qazlal

Shops:
D:4 (

Annotations:
D:3 1 transporter


Innate Abilities, Weirdness & Mutations

Your experience applies equally to all skills.
You have very sharp teeth.
Your uncanny sense of smell can sniff out nearby items.
You are partially covered in iridescent scales. (AC +2)
Your spells are a little harder to cast, but a little more powerful.


Message History

Press: ? - help, Shift-Dir - straight line, f - gnoll
Aim: a gnoll, wielding a flail (hasn't noticed you)
The flame tongue hits the gnoll.
The gnoll is lightly wounded.
The gnoll shouts!
The jackal barks!
The jackal bites you but does no damage.
You hear a blaring wail to the southwest.
You hear a shout! x3; You hear two shouts!
You hear a shout! x5
You hear an angry hiss.
You hear a croak.
You hear a shout!
Casting: Flame Tongue
Confirm with . or Enter, or press ? or * to list all spells.
Aiming: Flame Tongue
Press: ? - help, Shift-Dir - straight line, f/p - gnoll
Aim: a gnoll, wielding a flail (lightly wounded)
The flame tongue hits the gnoll.
The gnoll is severely wounded.
The jackal closely misses you. The jackal barely misses you.
Casting: Flame Tongue
Confirm with . or Enter, or press ? or * to list all spells.
Aiming: Flame Tongue
Press: ? - help, Shift-Dir - straight line, f/p - gnoll
Aim: a gnoll, wielding a flail (severely wounded)
The flame tongue hits the gnoll.
You kill the gnoll!
The jackal closely misses you. x2; The jackal misses you.
Your surroundings suddenly seem different.
Found a dagger.
Found an escape hatch in the floor.
A bullfrog and an orc come into view.
Okay, then.
Okay, then.
Found 15 gold pieces.
An iguana comes into view.
A quokka zombie comes into view.
The iguana moves out of view.
Found 16 gold pieces.
The orc shouts!
There is an escape hatch in the floor here.
Unknown command.
Okay, then.
The bullfrog hits you but does no damage.
The bullfrog closely misses you.
You slide downwards.
The hatch slams shut behind you.
Found an inky potion.
Unknown command.
Casting: Flame Tongue
Confirm with . or Enter, or press ? or * to list all spells.
Aiming: Flame Tongue
Press: ? - help, Shift-Dir - straight line, f - bullfrog
Aim: a bullfrog The flame tongue hits the bullfrog.
The bullfrog is moderately wounded.
The bullfrog misses you.
It was a potion of cancellation.
You feel magically purged. The bullfrog hits you.
* * * LOW HITPOINT WARNING * * *
The bullfrog hits you.
* * * LOW HITPOINT WARNING * * *
It was a potion of curing.
You feel better. The bullfrog barely misses you.
As you read the scroll of fear, it crumbles to dust.
You assume a fearsome visage.
The bullfrog looks frightened!
Found an escape hatch in the floor.
A bullfrog skeleton comes into view.
Found 12 gold pieces.
Casting: Flame Tongue
Confirm with . or Enter, or press ? or * to list all spells.
Aiming: Flame Tongue
Press: ? - help, Shift-Dir - straight line, f - bullfrog skeleton
Aim: a bullfrog skeleton The flame tongue hits the bullfrog skeleton.
The bullfrog skeleton is moderately damaged.
Casting: Flame Tongue
Confirm with . or Enter, or press ? or * to list all spells.
Aiming: Flame Tongue
Press: ? - help, Shift-Dir - straight line, f/p - bullfrog skeleton
Aim: a bullfrog skeleton (moderately damaged)
You miscast Flame Tongue.
You are very lightly contaminated with residual magic.
Nothing appears to happen.
The bullfrog skeleton hits you.
* * * LOW HITPOINT WARNING * * *
Okay, then.
The bullfrog skeleton hits you.
* * * LOW HITPOINT WARNING * * *
You hit the bullfrog skeleton. Your bite misses the bullfrog skeleton.
The bullfrog skeleton is heavily damaged.
The bullfrog skeleton closely misses you.
You hit the bullfrog skeleton.
The bullfrog skeleton is heavily damaged.
The bullfrog skeleton hits you.
* * * LOW HITPOINT WARNING * * *
You hit the bullfrog skeleton.
The bullfrog skeleton is severely damaged.
The bullfrog skeleton hits you.
* * * LOW HITPOINT WARNING * * *
You hit the bullfrog skeleton.
The bullfrog skeleton is severely damaged.
The bullfrog skeleton barely misses you.
You hit the bullfrog skeleton.
The bullfrog skeleton is almost destroyed.
The bullfrog skeleton hits you.
You die...

#..# ...#..#.
#..#######........#∆
#...................
#.#.#...............
#.#.................
#.#.###......#..$.
...## ##.###..#.#
.F.# #>..Z....#
..##.. #.###@#### ∆.
#.! #......# ###
#.####### ..# ###


You could see a bullfrog skeleton.

Vanquished Creatures
  An ogre (D:6)
  A centaur (D:5)
  A scorpion (D:4)
  2 hounds (D:4)
  A jelly (D:5)
  An orc priest (D:4)
  An orc wizard (D:4)
  3 worker ants
  A hound zombie (D:6)
  A gnoll (D:6)
  3 adders
  2 oozes
  A dart slug (D:5)
  A leopard gecko (D:1)
  8 orcs
  3 bats
  2 giant cockroaches (D:2)
  8 goblins
  3 hobgoblins
  4 jackals (D:4)
  4 kobolds
  A ball python (D:2)
  2 frilled lizards
  2 leopard gecko skeletons (D:4)
  3 rats
60 creatures vanquished.

Notes
Turn   | Place    | Note
-------+----------+-------------------------------------------
     0 | D:1      | tidbits the Gnoll Fire Elementalist began the quest for the Orb.
     0 | D:1      | Reached XP level 1. HP: 13/13 MP: 6/6
    90 | D:1      | Reached skill level 2 in Conjurations
   110 | D:1      | Reached XP level 2. HP: 19/19 MP: 1/7
   114 | D:1      | Learned a level 2 spell: Throw Flame
   270 | D:2      | Reached XP level 3. HP: 25/25 MP: 6/9
   273 | D:2      | Reached skill level 5 in Spellcasting
   334 | D:2      | You fall through a shaft!
   334 | D:3      | Found a transporter.
   486 | D:3      | Reached skill level 1 in Invocations
   508 | D:3      | Found a white marble altar of Elyvilon.
   516 | D:3      | Found an ancient bone altar of Kikubaaqudgha.
   567 | D:2      | Reached skill level 1 in Fighting
   567 | D:2      | Reached skill level 1 in Short Blades
   567 | D:2      | Reached skill level 1 in Long Blades
   567 | D:2      | Reached skill level 1 in Axes
   567 | D:2      | Reached skill level 1 in Maces & Flails
   567 | D:2      | Reached skill level 1 in Polearms
   567 | D:2      | Reached skill level 1 in Staves
   567 | D:2      | Reached skill level 1 in Slings
   567 | D:2      | Reached skill level 1 in Bows
   567 | D:2      | Reached skill level 1 in Crossbows
   567 | D:2      | Reached skill level 1 in Throwing
   567 | D:2      | Reached skill level 1 in Armour
   567 | D:2      | Reached skill level 1 in Shields
   567 | D:2      | Reached skill level 1 in Unarmed Combat
   567 | D:2      | Reached skill level 1 in Evocations
   594 | D:2      | Reached XP level 4. HP: 23/32 MP: 0/11
   738 | D:4      | Learned a level 3 spell: Conjure Flame
   743 | D:4      | Learned a level 4 spell: Sticky Flame
   788 | D:4      | Reached skill level 1 in Hexes
   788 | D:4      | Reached skill level 1 in Charms
   788 | D:4      | Reached skill level 1 in Summonings
   788 | D:4      | Reached skill level 1 in Necromancy
   788 | D:4      | Reached skill level 1 in Translocations
   788 | D:4      | Reached skill level 1 in Transmutations
   788 | D:4      | Reached skill level 1 in Ice Magic
   788 | D:4      | Reached skill level 1 in Air Magic
   788 | D:4      | Reached skill level 1 in Earth Magic
   788 | D:4      | Reached skill level 1 in Poison Magic
   808 | D:4      | Found a stormy altar of Qazlal.
   841 | D:4      | Found Omitosiff's Weapon Shop.
   844 | D:4      | Reached XP level 5. HP: 37/37 MP: 10/12
   972 | D:5      | Entered Level 5 of the Dungeon
   977 | D:5      | Reached skill level 2 in Invocations
   977 | D:5      | Reached XP level 6. HP: 41/44 MP: 3/13
  1025 | D:4      | Reached skill level 5 in Dodging
  1083 | D:4      | Reached skill level 2 in Fighting
  1083 | D:4      | Reached skill level 2 in Short Blades
  1083 | D:4      | Reached skill level 2 in Long Blades
  1083 | D:4      | Reached skill level 2 in Axes
  1083 | D:4      | Reached skill level 2 in Maces & Flails
  1083 | D:4      | Reached skill level 2 in Polearms
  1083 | D:4      | Reached skill level 2 in Staves
  1083 | D:4      | Reached skill level 2 in Slings
  1083 | D:4      | Reached skill level 2 in Bows
  1083 | D:4      | Reached skill level 2 in Crossbows
  1083 | D:4      | Reached skill level 2 in Throwing
  1083 | D:4      | Reached skill level 2 in Armour
  1083 | D:4      | Reached skill level 2 in Shields
  1083 | D:4      | Reached skill level 2 in Unarmed Combat
  1083 | D:4      | Reached skill level 2 in Evocations
  1159 | D:5      | Reached XP level 7. HP: 50/50 MP: 15/15
  1238 | D:6      | Gained mutation: Your spells are a little harder to cast, but a little more powerful. [potion of mutation]
  1238 | D:6      | Gained mutation: You are partially covered in iridescent scales. (AC +2) [potion of mutation]
  1254 | D:7      | HP: 5/51 [bullfrog (3)]
  1269 | D:7      | HP: 5/51 [bullfrog skeleton (6)]
  1274 | D:7      | Slain by a bullfrog skeleton

Skill      XL: |  1  2  3  4  5  6 |
---------------+-------------------+-----
Conjurations   | 2 |  2.9
Spellcasting   | 5 |  5.5
Invocations    | 1 2 |  2.5
Fighting       | 1 2 |  2.3
Short Blades   | 1 2 |  2.3
Long Blades    | 1 2 |  2.3
Axes           | 1 2 |  2.3
Maces & Flails | 1 2 |  2.3
Polearms       | 1 2 |  2.3
Staves         | 1 2 |  2.3
Slings         | 1 2 |  2.3
Bows           | 1 2 |  2.3
Crossbows      | 1 2 |  2.3
Throwing       | 1 2 |  2.3
Armour         | 1 2 |  2.3
Shields        | 1 2 |  2.3
Unarmed Combat | 1 2 |  2.3
Evocations     | 1 2 |  2.3
Hexes          | 1 |  1.9
Charms         | 1 |  1.9
Summonings     | 1 |  1.9
Necromancy     | 1 |  1.9
Translocations | 1 |  1.9
Transmutations | 1 |  1.9
Ice Magic      | 1 |  1.9
Air Magic      | 1 |  1.9
Earth Magic    | 1 |  1.9
Poison Magic   | 1 |  1.9
Dodging        | 5 |  5.1
Stealth        | |  4.8
Fire Magic     | |  5.8

Action                   |  1- 3 |  4- 6 |  7- 9 || total
-------------------------+-------+-------+-------++-------
Melee: Dagger            |    21 |     8 |     7 ||    36
       Bite              |     1 |       |       ||     1
       Unarmed           |       |    21 |       ||    21
Throw: Stone             |       |     1 |       ||     1
 Cast: Flame Tongue      |    42 |    33 |    15 ||    90
       Throw Flame       |       |       |     4 ||     4
  Use: Scroll            |     3 |     5 |     2 ||    10
       Potion            |       |     2 |     3 ||     5
 Stab: Sleeping          |     4 |     4 |       ||     8
  Eat: Ration            |     2 |       |       ||     2
Armor: Robe              |     4 |     2 |     4 ||    10
       Skin              |       |    30 |       ||    30
Dodge: Dodged            |    28 |    13 |    18 ||    59

Table legend:
 A = Turns spent in this place as a percentage of turns spent in the entire game.
 B = Non-inter-level travel turns spent in this place as a percentage of non-inter-level travel turns spent in the entire game.
 C = Inter-level travel turns spent in this place as a percentage of turns spent in this place.
 D = Turns resting spent in this place as a percentage of non-inter-level travel turns spent in this place.
 E = Turns spent auto-exploring this place as a percentage of non-inter-level travel turns spent in this place.
 F = Non-inter-level travel turns spent in this place divided by the number of levels of this place that you've seen.
                   A       B       C       D       E      F
               +-------+-------+-------+-------+-------+----------------------
         Total | 100.0 | 100.0 |   0.7 |   0.0 |   0.0 | 180.7
       Dungeon | 100.0 | 100.0 |   0.7 |   0.0 |   0.0 | 180.7
               +-------+-------+-------+-------+-------+----------------------

Table legend:
 A = Kills in this place as a percentage of kills in entire the game.
 B = Kills by you in this place as a percentage of kills by you in the entire game.
 C = Kills by friends in this place as a percentage of kills by friends in the entire game.
 D = Other kills in this place as a percentage of other kills in the entire game.
 E = Experience gained in this place as a percentage of experience gained in the entire game.
 F = Experience gained in this place divided by the number of levels of this place that you have seen.
                   A       B       C       D       E      F
               +-------+-------+-------+-------+-------+----------------------
         Total | 100.0 | 100.0 |   N/A |   N/A | 100.0 | 110.4
       Dungeon | 100.0 | 100.0 |   N/A |   N/A | 100.0 | 110.4
               +-------+-------+-------+-------+-------+----------------------

Vault maps used:
D:1:      dpeg_arrival_boxorama
D:2:      zin_scriptorium, first_ration, xom_redecorated
D:3:      gammafunk_steamed_eel, chequers_temple_overflow_statue_of_worship,
          grunt_ministairs_13, uniq_robin, uniq_sigmund
D:4:      grunt_qazlal_clouds, nicolae_ru_path_of_blood, serial_shops,
          nicolae_shop_trees, shop
D:5:      minmay_misc_feat_iff
D:6:      trog_eyes_of_draining, minmay_temple_entry_nine_rooms, serial_shops,
          shop, grunt_gozag_breadcrumbs
D:7:      kennysheep_mini_moat, old_standard_altar, grunt_dithmenos_shadows,
          nicolae_overflow_crystal_walls, uniq_crazy_yiuf_cottage
